 Dungeon Crawl Stone Soup version 0.23.2-1-ga50397a (webtiles) character file.

Game seed: 1289357896681567757

36383 doot the Spear-Bearer (level 13, -14/166 HPs)
             Began as a Grey Draconian Abyssal Knight on May 22, 2019.
             Was the Champion of Lugonu.
             Demolished by a tyrant leech (23 damage)
             ... on level 2 of the Lair of Beasts.
             The game lasted 01:11:12 (24736 turns).

doot the Spear-Bearer (DrAK)                       Turns: 24736, Time: 01:11:13

Health: -14/166    AC: 16    Str: 25    XL:     13   Next: 52%
Magic:  19/19      EV: 17    Int: 15    God:    Lugonu [******]
Gold:   924        SH:  0    Dex: 16    Spells: 6/23 levels left

rFire    + + .     SeeInvis .   P - +8 glaive of Exquisite Torment {flame, +Blink rPois rF+ rC++}
rCold    + + .     Gourm    .   (shield currently unavailable)
rNeg     . . .     Faith    .   (armour unavailable)
rPois    +         Spirit   .   (helmet restricted)
rElec    .         Reflect  .   v - +0 cloak {rPois}
rCorr    .         Harm     .   V - +0 pair of gloves {Str+3}
MR       .....                  G - +0 pair of boots
Stlth    ..........             (no amulet)
HPRegen  0.37/turn              u - ring of Momuhuti {rF+ Str+2 Dex+3 Slay+2}
MPRegen  0.16/turn              B - ring of wizardry

@: berserking (expiring), very quick
A: walk through water, unfitting armour, low mp 1, unbreathing, cold-blooded, AC
+13
a: Depart the Abyss, Bend Space, Banish, Corrupt, Enter the Abyss, Brand Weapon
With Distortion, Renounce Religion, Evoke Blink


You were on level 2 of the Lair of Beasts.
You worshipped Lugonu.
Lugonu was exalted by your worship.
You were not hungry.

You visited 3 branches of the dungeon, and saw 16 of its levels.
You visited the Abyss 1 time.
You also visited: Ice Cave.

You collected 1900 gold pieces.
You spent 976 gold pieces at shops.

Inventory:

Hand Weapons
 i - the +6 whip "Jofyn" {slash, Int+4}
   (You found it on level 1 of the Lair of Beasts)

   It inflicts extra damage upon your enemies.
   It affects your intelligence (+4).
 P - the +8 glaive of Exquisite Torment (weapon) {flame, +Blink rPois rF+ rC++}
   (You found it on level 10 of the Dungeon)

   It has been specially enchanted to burn those struck by it, causing extra
   injury to most foes and up to half again as much damage against particularly
   susceptible opponents.
   Big, fiery blades are also staple armaments of hydra-hunters.
   It protects you from fire.
   It greatly protects you from cold.
   It protects you from poison.
   It lets you blink.
 X - a +1 shortbow of freezing
Armour
 v - a +0 cloak of poison resistance (worn)
 G - a +0 pair of boots (worn)
 V - a +0 pair of gloves of strength (worn)
 W - a +2 pair of gloves
Magical Staves
 m - an uncursed staff of cold
Jewellery
 a - an uncursed ring of protection from fire
 o - a +1 ring of slaying
 q - a +3 ring of dexterity
 t - an uncursed ring of resist corrosion {unknown}
 u - the ring of Momuhuti (left hand) {rF+ Str+2 Dex+3 Slay+2}
   (You bought it in a shop on level 2 of the Orcish Mines)

   [ring of protection from fire]

   It affects your strength (+2).
   It affects your dexterity (+3).
   It affects your accuracy and damage with ranged weapons and melee attacks
   (+2).
   It protects you from fire.
 A - an uncursed ring of see invisible
 B - a ring of wizardry (right hand)
 R - a +2 ring of evasion
Wands
 F - a wand of polymorph (4)
 I - a wand of random effects (17)
 J - a wand of acid (9)
 N - a wand of scattershot (1)
 Q - a wand of flame (16)
 T - a wand of disintegration (13)
Scrolls
 d - 9 scrolls of teleportation
 f - a scroll of fog
 g - 4 scrolls of enchant weapon
 h - 2 scrolls of magic mapping {unknown}
 j - a scroll of immolation {unknown}
 s - 10 scrolls of remove curse
 w - 6 scrolls of enchant armour
 x - 5 scrolls of blinking
 y - 2 scrolls of summoning
 D - a scroll of fear
 E - 2 scrolls of acquirement
 L - 3 scrolls of amnesia {unknown}
 O - 3 scrolls of noise
 U - a scroll of brand weapon {unknown}
 Z - a scroll of vulnerability {unknown}
Potions
 c - 4 potions of might
 e - 5 potions of curing
 k - 2 potions of brilliance
 n - a potion of agility
 p - 2 potions of resistance
 r - 5 potions of heal wounds
 z - 2 potions of haste
 C - a potion of magic
 H - a potion of degeneration
 K - a potion of cancellation
 M - 2 potions of flight
 Y - a potion of invisibility
Comestibles
 b - 12 rations


   Skills:
 + Level 9.1 Fighting
   Level 8.2(12.1) Axes
 * Level 13.9(14.7) Polearms
 + Level 7.0 Dodging
 + Level 5.3 Stealth
 + Level 5.9 Spellcasting
 + Level 2.5 Conjurations
 + Level 0.5 Hexes
 + Level 5.7 Summonings
 + Level 1.2 Translocations
 + Level 0.8 Fire Magic
 + Level 8.4 Invocations
 + Level 1.4 Evocations


You had 6 spell levels left.
You knew the following spells:

 Your Spells              Type           Power        Failure   Level  Hunger
a - Magic Dart            Conj           ##..         2%          1    None
b - Blink                 Tloc           N/A          6%          2    #......
c - Call Imp              Summ           ###.....     1%          2    #......
d - Conjure Flame         Conj/Fire      #.......     9%          3    ###....
e - Confuse               Hex            #.......     14%         3    ###....
f - Spectral Weapon       Hex/Chrm       #.......     16%         3    ###....
g - Regeneration          Chrm/Necr      #.........   17%         3    ###....

Your spell library contained the following spells:

 Spells                   Type           Power        Failure   Level  Hunger
 Confusing Touch          Hex            #.....       4%          1    None
 Infusion                 Chrm           #...         6%          1    None
 Shroud of Golubria       Chrm/Tloc      #.........   7%          2    #......
 Slow                     Hex            #.......     8%          2    #......
 Song of Slaying          Chrm           #.......     9%          2    #......
 Gell's Gravitas          Tloc           #.........   11%         3    ###....
 Mephitic Cloud           Conj/Pois/Air  #.......     13%         3    ###....
 Petrify                  Tmut/Erth      #.......     50%         4    ####...
 Metabolic Englaciation   Hex/Ice        #.........   78%         5    ######.
 Yara's Violent Unravell  Hex/Tmut       #.........   78%         5    ######.


Dungeon Overview and Level Annotations

Branches:
Dungeon (12/15)            Temple (0/1) D:4            Lair (2/6) D:8
    Orc (2/2) D:9             Elf (0/3) Orc:2
  Swamp: Lair:2-4    Shoals: Lair:2-4     Snake: Lair:2-4    Spider: Lair:2-4

Altars:
Dithmenos
Elyvilon
Fedhas
Kikubaaqudgha
Makhleb
Ru
Sif Muna
Trog
Wu Jian
Yredelemnul
Zin
Beogh

Shops:
D:8 %   D:10 !   Orc:1 [?(!   Orc:2 %(=(

Annotations:
D:7 2 transporters
Abyss:1 Nessos, Sonja


Innate Abilities, Weirdness & Mutations

You can walk through water.
Your dull iron-grey scales are very hard. (AC +13)
You cannot fit into any form of body armour.
You can survive without breathing.
You are cold-blooded and may be slowed by cold attacks.
Your magical capacity is low. (-10% MP)


Message History

You kill the swamp worm!
Lugonu accepts your kill. The swamp worm bites you!
* * * LOW HITPOINT WARNING * * *
Unknown command.
You closely miss the swamp worm. The tyrant leech misses you.
You slash the swamp worm! You burn the swamp worm.
The swamp worm is moderately wounded.
The swamp worm closely misses you.
You closely miss the swamp worm.
The swamp worm is moderately wounded.
The swamp worm closely misses you. The tyrant leech barely misses you.
You closely miss the swamp worm.
The swamp worm is moderately wounded.
The swamp worm bites you.
* * * LOW HITPOINT WARNING * * *
You barely miss the swamp worm.
The swamp worm is moderately wounded.
The tyrant leech bites you!!
You die...

#......$....$......
#..................
##................
######P................
.......†...............
........#..#.).........
.......[#......<.......
.....P.#...#...........
.....#.##...@..........
.....#.##...ww.........
....≈≈≈≈≈≈†≈≈........#.
..≈≈≈≈≈≈≈≈≈†≈..........
.≈≈≈#######≈≈≈.[.......
#≈≈≈.........
≈≈≈≈...... #P≈≈#.....
#≈≈≈≈#...


You could see a tyrant leech and a swamp worm.

Vanquished Creatures
  An ice dragon (D:12)
  3 two-headed ogres
  5 orc high priests (Orc:2)
  Urug (D:12)
  An unseen horror (D:10)
  5 orc knights (Orc:2)
  A necromancer (IceCv)
  An orc sorcerer (Orc:2)
  2 cyclopes (Orc:1)
  2 ugly things (D:12)
  An oklob plant (Orc:1)
  2 manticores (D:12)
  3 ice statues (IceCv)
  A black mamba (Lair:1)
  A centaur zombie (D:12)
  A torpor snail (Lair:2)
  2 komodo dragons
  7 ice devils (IceCv)
  2 polar bears (D:12)
  8 trolls
  A hornet (D:12)
  2 tyrant leeches (Lair:2)
  6 slime creatures (D:9)
  4 hippogriffs
  21 yaks
  2 steam dragons
  4 vampire mosquitoes (D:12)
  2 swamp worms (Lair:2)
  2 porcupines (Lair:1)
  4 sky beasts
  29 orc warriors
  2 ice beasts
  A necrophage (D:10)
  2 phantoms
  An eye of draining (D:10)
  2 black bears
  2 wolves (D:8)
  6 ogres
  5 centaurs
  2 crocodiles (Lair:1)
  A big kobold (D:12)
  7 bullfrogs
  A wyvern zombie (D:12)
  A scorpion (D:5)
  4 killer bees
  6 wights
  A howler monkey (D:4)
  4 crimson imps
  2 quasits
  A bullfrog skeleton (D:7)
  20 orc priests
  A draconian simulacrum (IceCv)
  6 hounds
  5 centaur skeletons
  2 jellies
  14 orc wizards
  An iguana (D:6)
  5 worker ants
  5 spriggan simulacra (IceCv)
  3 centaur simulacra (IceCv)
  A hound zombie (D:5)
  2 howler monkey zombies
  13 adders
  An ogre simulacrum (IceCv)
  7 shadow imps
  3 adder skeletons
  5 worms
  3 dart slugs
  3 leopard geckos
  107 orcs
  4 giant cockroaches
  6 hobgoblins
  9 jackals
  12 kobolds
  8 quokkas
  2 bats
  3 frilled lizards
  10 goblins
  5 rats
444 creatures vanquished.

Vanquished Creatures (collateral kills)
  A wyvern (D:9)
  A human (D:9)
  3 orc warriors
  An ice beast (D:7)
  2 ogres
  A centaur (D:8)
  4 killer bees
  A wight (D:9)
  A quasit (D:8)
  A bullfrog zombie (D:6)
  An orc priest (D:8)
  A jelly (D:7)
  An orc wizard (D:9)
  A leopard gecko (D:6)
  5 orcs
25 creatures vanquished.

Vanquished Creatures (others)
  2 orc knights (Orc:2)
  A cyclops (D:12)
  An orc warrior (D:8)
  3 plants (Lair:2)
7 creatures vanquished.

Grand Total: 476 creatures vanquished

Notes
Turn   | Place    | Note
-------+----------+-------------------------------------------
     0 | Abyss:1  | doot the Draconian Abyssal Knight began the quest for the
                  | Orb.
     0 | Abyss:1  | Reached XP level 1. HP: 19/19 MP: 2/2
    25 | Abyss:1  | Noticed an ancient zyme
    36 | Abyss:1  | Found a corrupted altar of Lugonu.
    58 | D:1      | Escaped the Abyss
   423 | D:1      | Reached XP level 2. HP: 27/27 MP: 3/3
   704 | D:2      | Reached ** piety under Lugonu
   828 | D:2      | Reached XP level 3. HP: 26/33 MP: 4/4
  1366 | D:2      | Reached XP level 4. HP: 40/40 MP: 5/5
  2062 | D:3      | Found a deep blue altar of Sif Muna.
  2613 | D:3      | Found an ornate altar of the Wu Jian Council.
  2669 | D:4      | Reached XP level 5. HP: 41/46 MP: 7/7
  2678 | D:4      | Reached *** piety under Lugonu
  3083 | D:4      | Reached skill level 1 in Stealth
  3443 | D:4      | Reached XP level 6. HP: 26/53 MP: 8/8
  3857 | D:4      | Found a staircase to the Ecumenical Temple.
  3942 | D:4      | Noticed a two-headed ogre
  4038 | D:5      | Entered Level 5 of the Dungeon
  4181 | D:5      | Learned a level 1 spell: Magic Dart
  4184 | D:5      | Learned a level 2 spell: Blink
  4187 | D:5      | Learned a level 2 spell: Call Imp
  4653 | D:5      | Reached skill level 5 in Fighting
  4731 | D:5      | Noticed a sky beast
  4834 | D:5      | Your scales start taking on a dull iron-grey colour.
  4834 | D:5      | Reached XP level 7. HP: 58/61 MP: 9/9
  4834 | D:5      | Gained mutation: You can survive without breathing. [Grey
                  | Draconian growth]
  4940 | D:5      | Reached skill level 5 in Axes
  5024 | D:5      | Reached skill level 1 in Spellcasting
  5220 | D:5      | Reached skill level 1 in Summonings
  5505 | D:5      | Reached skill level 1 in Conjurations
  5852 | D:6      | Reached XP level 8. HP: 63/68 MP: 0/11
  6057 | D:6      | Learned a level 3 spell: Conjure Flame
  6546 | D:7      | Reached skill level 5 in Invocations
  6715 | D:7      | Noticed a centaur warrior
  6717 | D:7      | Found a transporter.
  6722 | D:7      | Found a blossoming altar of Fedhas.
  6733 | D:7      | Found a transporter.
  6979 | D:7      | Found a sacrificial altar of Ru.
  7004 | D:7      | Reached **** piety under Lugonu
  7539 | D:8      | Found a white marble altar of Elyvilon.
  7599 | D:8      | Reached XP level 9. HP: 60/75 MP: 13/13
  8180 | D:8      | Noticed a troll
  8534 | D:9      | Learned a level 3 spell: Confuse
  8787 | D:9      | Reached skill level 5 in Dodging
  9035 | D:9      | Reached skill level 1 in Translocations
  9653 | D:9      | Found a shadowy altar of Dithmenos.
  9940 | D:9      | Found a staircase to the Orcish Mines.
 10427 | D:9      | Found a roughly hewn altar of Beogh.
 10473 | D:9      | Reached XP level 10. HP: 31/83 MP: 9/16
 11616 | D:6      | Reached ***** piety under Lugonu
 11797 | D:6      | Found a deep blue altar of Sif Muna.
 11798 | D:6      | Found an ancient bone altar of Kikubaaqudgha.
 11799 | D:6      | Found a glowing silver altar of Zin.
 11800 | D:6      | Found a bloodstained altar of Trog.
 11868 | D:6      | Found a white marble altar of Elyvilon.
 11931 | D:6      | Found a basalt altar of Yredelemnul.
 12401 | D:8      | Found a staircase to the Lair.
 12603 | D:8      | Found Fiutaegh's Food Shop.
 12833 | D:8      | Reached skill level 5 in Spellcasting
 12959 | D:10     | Entered Level 10 of the Dungeon
 13010 | D:10     | Noticed an unseen horror
 13197 | D:10     | Found Fiyruck's Distillery.
 13212 | D:10     | Killed an unseen horror
 13212 | D:10     | Reached skill level 5 in Summonings
 13671 | D:10     | Got a warped glaive
 13732 | D:11     | Identified the +8 glaive of Exquisite Torment {flame,
                  | +Blink rPois rF+ rC++} (You found it on level 10 of the
                  | Dungeon)
 14042 | D:10     | Reached skill level 1 in Polearms
 14319 | D:11     | Reached skill level 2 in Polearms
 14488 | D:11     | Noticed a two-headed ogre
 14504 | D:11     | Killed a two-headed ogre
 14504 | D:11     | Reached skill level 3 in Polearms
 14504 | D:11     | Reached XP level 11. HP: 91/91 MP: 13/19
 14564 | D:10     | Noticed a two-headed ogre
 14883 | D:11     | Reached skill level 4 in Polearms
 15221 | D:10     | Killed a two-headed ogre
 15221 | D:10     | Reached skill level 5 in Polearms
 15324 | Orc:1    | Entered Level 1 of the Orcish Mines
 15778 | Orc:1    | Found Uvan's Distillery.
 15789 | Orc:1    | Reached skill level 6 in Polearms
 15792 | Orc:1    | Bought a potion of lignification for 51 gold pieces
 15809 | Orc:1    | Found Qidax's Weapon Emporium.
 15855 | Orc:1    | Found Foiniunt's Armour Emporium.
 15871 | Orc:1    | Bought a +2 pair of gloves for 264 gold pieces
 15925 | Orc:1    | Found Jaistrix's Magic Scroll Shop.
 16148 | Orc:1    | Noticed an oklob plant
 16246 | Orc:1    | Killed an oklob plant
 16246 | Orc:1    | Reached skill level 7 in Polearms
 16480 | Orc:1    | Found a burning altar of Makhleb.
 16642 | Orc:2    | Entered Level 2 of the Orcish Mines
 16700 | Orc:2    | Found a staircase to the Elven Halls.
 16879 | Orc:2    | Noticed an orc sorcerer
 16966 | Orc:2    | Gained mutation: Your magical capacity is low. (-10% MP) [a
                  | neqoxec]
 16967 | Orc:2    | Killed an orc sorcerer
 17045 | Orc:2    | Reached skill level 8 in Polearms
 17631 | Orc:2    | Noticed an orc knight
 17663 | Orc:2    | Killed an orc knight
 17724 | Orc:2    | Noticed an orc knight
 17726 | Orc:2    | Banished an orc knight
 17959 | Orc:2    | Noticed an orc high priest
 17970 | Orc:2    | Killed an orc high priest
 17970 | Orc:2    | Reached skill level 9 in Polearms
 17970 | Orc:2    | Reached skill level 1 in Evocations
 18228 | Orc:2    | Noticed an orc knight
 18557 | Orc:2    | Reached XP level 12. HP: 61/100 MP: 18/18
 18856 | Orc:2    | Reached skill level 10 in Polearms
 19310 | Orc:2    | Noticed an orc high priest
 19321 | Orc:2    | Killed an orc high priest
 19626 | Orc:2    | Noticed an orc high priest
 19636 | Orc:2    | Killed an orc high priest
 19640 | Orc:2    | Reached ****** piety under Lugonu
 19976 | Orc:2    | Reached skill level 11 in Polearms
 20007 | Orc:2    | Noticed an orc high priest
 20063 | Orc:2    | Killed an orc high priest
 20083 | Orc:2    | Noticed an orc high priest
 20091 | Orc:2    | Killed an orc high priest
 20209 | Orc:2    | Found Buz Cou's Weapon Shop.
 20212 | Orc:2    | Found Durijyr's Weapon Shop.
 20214 | Orc:2    | Found Naatiocs's Jewellery Boutique.
 20215 | Orc:2    | Found Duodd's Food Shop.
 20224 | Orc:2    | Bought the ring of Momuhuti {rF+ Str+2 Dex+3 Slay+2} for
                  | 661 gold pieces
 20393 | D:11     | You fall through a shaft!
 20394 | D:12     | Noticed a two-headed ogre
 20404 | D:12     | Killed a two-headed ogre
 20523 | D:12     | Noticed Urug
 20634 | D:12     | Found a frozen archway.
 20636 | D:12     | Noticed an ice dragon
 20659 | D:12     | Killed an ice dragon
 20659 | D:12     | Reached skill level 12 in Polearms
 20712 | IceCv    | Entered an ice cave
 21916 | IceCv    | Reached XP level 13. HP: 108/108 MP: 19/19
 22337 | D:12     | Reached skill level 13 in Polearms
 22355 | D:12     | Noticed Nessos
 22360 | D:12     | Noticed Sonja
 22366 | D:12     | Killed Urug
 22368 | D:12     | Banished Nessos
 22369 | D:12     | Banished Sonja
 22890 | D:12     | Reached skill level 5 in Stealth
 23372 | D:12     | Learned a level 3 spell: Spectral Weapon
 23376 | D:12     | Learned a level 3 spell: Regeneration
 23903 | Lair:1   | Entered Level 1 of the Lair of Beasts
 24014 | Lair:1   | Identified 2 scrolls of acquirement
 24441 | Lair:1   | Got a twisted whip
 24442 | Lair:1   | Identified the +6 whip "Jofyn" {slash, Int+4} (You found it
                  | on level 1 of the Lair of Beasts)
 24736 | Lair:2   | Demolished by a tyrant leech

Skill      XL: |  1  2  3  4  5  6  7  8  9 10 11 12 13 |
---------------+----------------------------------------+-----
Fighting       | 4 5 6 7 8 9 |  9.1
Axes           | 3 4 5 6 7 8 |  8.2
Dodging        | 3 4 5 6 7 |  7.0
Invocations    | 3 4 5 7 8 |  8.4
Stealth        | 1 2 3 4 5 |  5.3
Spellcasting   | 2 3 4 5 |  5.9
Summonings     | 1 2 4 5 |  5.7
Conjurations   | 1 2 |  2.5
Translocations | 1 |  1.2
Polearms       | 3 9 12 13 | 13.9
Evocations     | 1 |  1.4
Hexes          | |  0.5
Fire Magic     | |  0.8

Action                   |  1- 3 |  4- 6 |  7- 9 | 10-12 | 13-15 || total
-------------------------+-------+-------+-------+-------+-------++-------
Melee: Hand axe          |    89 |   235 |   454 |   212 |       ||   990
       Tailslap          |    10 |    35 |    67 |   100 |    24 ||   236
       Glaive            |       |       |       |   532 |   200 ||   732
 Cast: Magic Dart        |       |     8 |    51 |    31 |     9 ||    99
       Call Imp          |       |     2 |    69 |    51 |     1 ||   123
       Blink             |       |     1 |     2 |     5 |     1 ||     9
       Conjure Flame     |       |       |     1 |     5 |     2 ||     8
       Confuse           |       |       |       |     4 |       ||     4
Invok: Banish            |       |       |     1 |     2 |     4 ||     7
       Bend Space        |       |       |     1 |       |       ||     1
 Abil: Evoke Blink       |       |       |       |     1 |       ||     1
Evoke: Wand              |       |       |       |    15 |       ||    15
  Use: Scroll            |       |       |    13 |     7 |     5 ||    25
       Potion            |       |       |     2 |     1 |     1 ||     4
 Stab: Sleeping          |       |     2 |     4 |    14 |     6 ||    26
       Distracted        |       |       |     3 |    12 |       ||    15
  Eat: Chunk             |     1 |    12 |    13 |    26 |     6 ||    58
       Ration            |       |       |     4 |     4 |     2 ||    10
Armor: Skin              |    23 |    52 |   170 |   283 |    34 ||   562
Dodge: Dodged            |    63 |   146 |   341 |   524 |   128 ||  1202
